 Dungeon Crawl Stone Soup version 0.28.0-1-gb440e238dd (webtiles) character file.

Game seed: 1035248115787937292

4 spaghetti the Caller (level 1, 0/14 HPs)
             Began as a Demigod Summoner on Feb 20, 2022.
             Slain by a quokka (5 damage)
             ... on level 1 of the Dungeon.
             The game lasted 00:00:35 (370 turns).

spaghetti the Caller (Demigod Summoner)              Turns: 370, Time: 00:00:36

Health: 0/14       AC:  2    Str:  9    XL:     1   Next: 40%
Magic:  4/5        EV: 12    Int: 17    God:
Gold:   0          SH:  0    Dex: 14    Spells: 2/3 levels left

rFire   . . .      SeeInvis .     - Unarmed
rCold   . . .      Faith    .   (no shield)
rNeg    . . .      Spirit   .   a - +0 robe
rPois   .          Reflect  .   (no helmet)
rElec   .          Harm     .   (no cloak)
rCorr   .          Rampage  .   (no gloves)
Will    .....                   (no boots)
Stlth   ++........              (no amulet)
HPRegen 0.04/turn               (no ring)
MPRegen 0.09/turn               (no ring)

@: no status effects
A: high MP 1, forlorn, divine attributes
a: no special abilities


You were on level 1 of the Dungeon.
You visited 1 branch of the dungeon, and saw 1 of its levels.

Inventory:

Armour
 a - a +0 robe (worn)
Scrolls
 b - a scroll of identify {unknown}


   Skills:
 - Level 1.7 Dodging
 - Level 1.7 Stealth
 + Level 1.0 Unarmed Combat
 - Level 1.7 Spellcasting
 - Level 3.6 Summonings


You had 2 spell levels left.
You knew the following spells:

 Your Spells              Type           Power      Damage    Failure   Level
a - Summon Small Mammal   Summ           52%        N/A       4%          1

Your spell library contained the following spells:

 Spells                   Type           Power      Damage    Failure   Level
 Call Imp                 Summ           13%        N/A       7%          2
 Call Canine Familiar     Summ           13%        N/A       14%         3
 Summon Guardian Golem    Hex/Summ       7%         N/A       28%         3
 Summon Lightning Spire   Summ/Air       7%         N/A       67%         4


Dungeon Overview and Level Annotations

Branches:
Dungeon (1/15)


Innate Abilities, Weirdness & Mutations

You have an increased reservoir of magic. (+10% MP)
You shall have no god before yourself.
Your divine heritage dramatically boosts your attributes as you level up.


Message History

Magic restored.
You start resting.
Your rat disappears in a puff of smoke!
HP restored.
Okay, then.
You see here a ball python corpse.
A quokka comes into view.
A quokka is nearby!
Found a stone staircase leading down.
Casting: Summon Small Mammal (safe; 4% risk of failure)
Press: ? - help, Q - select action Dir - look around, f - activate
Casting: Summon Small Mammal (safe; 4% risk of failure)
Press: ? - help, Q - select action Dir - look around, f - activate Your movement speed is average.
Your attack delay is about 0.9.
A goblin comes into view. It is wielding a +0 club.
Your quokka completely misses the quokka.
You swap places.
The quokka closely misses you.
Your quokka bites the quokka but does no damage.
You barely miss the quokka. The quokka barely misses you.
You closely miss the quokka. The quokka completely misses you.
Your quokka closely misses the quokka.
The quokka bites you.
You hit the quokka but do no damage.
Your rat closely misses the quokka.
Your quokka barely misses the quokka.
The quokka barely misses you.
You hit the quokka.
The quokka is lightly wounded.
Your quokka misses the quokka.
Your rat closely misses the quokka.
The quokka bites you.
You barely miss the quokka.
The quokka is lightly wounded.
Your quokka completely misses the quokka.
Your rat bites the quokka but does no damage.
The quokka bites you.
You hit the quokka.
The quokka is moderately wounded.
Your quokka bites the quokka.
The quokka misses you.
Your rat misses the quokka. You barely miss the quokka.
The quokka is heavily wounded.
Your quokka misses the quokka. The quokka bites you.
You die...

... #.# #.# #.###.#
########..##.#
#.........##.#
####.........##.####
...................#
####.†.....)....rr.#
#............@r.#
#........#.#.####
#........#.#.#
##########....
#..... ...>..#
.#....g# ..#.....#


You could see a quokka (ally target), a friendly quokka (summoned) and a
friendly rat (summoned).

Vanquished Creatures
  A kobold (D:1)
  2 ball pythons (D:1)
3 creatures vanquished.

Vanquished Creatures (collateral kills)
  A goblin (D:1)
1 creature vanquished.

Grand Total: 4 creatures vanquished

Notes
Turn   | Place    | Note
-------+----------+-------------------------------------------
     0 | D:1      | spaghetti the Demigod Summoner began the quest for the Orb.
     0 | D:1      | Reached XP level 1. HP: 14/14 MP: 5/5
   166 | D:1      | Reached skill level 1 in Unarmed Combat
   370 | D:1      | Slain by a quokka

Illustrated notes

Levels and vault maps discovered:
D:1:      lemuel_arrival_hallway, layout_basic

Skill      XL: |  1 |
---------------+----+-----
Unarmed Combat | 1 |  1.0
Dodging        | |  1.7
Stealth        | |  1.7
Spellcasting   | |  1.7
Summonings     | |  3.6

Action                   || total
-------------------------++-------
Melee: Unarmed           ||    20
 Cast: Summon Small Mamm ||     6
Armor: Robe              ||     1
Dodge: Dodged            ||    14
